 Dungeon Crawl Stone Soup version 0.20-a0-754-g13ddd6e (webtiles) character file.

13212 nikopol the Cleaver (level 11, -6/100 HPs)
             Began as a Minotaur Berserker on Feb 25, 2017.
             Was a High Priest of Trog.
             Mangled by a spiny frog (15 damage)
             ... on level 2 of the Lair of Beasts.
             The game lasted 00:31:53 (12266 turns).

nikopol the Cleaver (Minotaur Berserker)           Turns: 12266, Time: 00:31:54

Health: -6/100     AC: 10    Str: 22    XL:     11   Next: 72%
Magic:  10/10      EV: 17    Int:  4    God:    Trog [*****.]
Gold:   743        SH:  3    Dex: 13    Spells: 10/10 levels left

rFire    . . .     SeeInvis .   a - +3 battleaxe (freeze)
rCold    . . .     Gourm    .   T - +0 steam dragon scales
rNeg     . . .     Faith    .   (shield currently unavailable)
rPois    +         Spirit   .   (helmet restricted)
rElec    .         Reflect  +   d - +0 cloak
rCorr    +         Harm     .   (no gloves)
MR       ++...                  K - +0 pair of boots
Stlth    +.........             p - +3 amulet of reflection
Regen    1.3/turn               B - ring of resist corrosion
MPRegen  0.2/turn               H - ring of poison resistance

@: frozen, very slightly contaminated, regenerating, invisible, very slow
A: retaliatory headbutt, horns 2
a: Berserk, Trog's Hand, Brothers in Arms, Burn Spellbooks, Renounce Religion


You were on level 2 of the Lair of Beasts.
You worshipped Trog.
Trog was extremely pleased with you.
You were not hungry.

You visited 2 branches of the dungeon, and saw 12 of its levels.
You also visited: Ossuary.

You collected 743 gold pieces.

Inventory:

Hand Weapons
 a - a +3 battleaxe of freezing (weapon)
 z - a +0 shortbow
 C - a +0 hand axe
 M - a +0 war axe
Missiles
 r - 202 arrows (quivered)
Armour
 d - a +0 cloak (worn)
 K - a +0 pair of boots (worn)
 T - +0 steam dragon scales (worn)
Jewellery
 m - an uncursed amulet of guardian spirit
 p - a +3 amulet of reflection (around neck)
 t - an uncursed ring of fire
 w - an uncursed ring of protection from fire
 B - a ring of resist corrosion (right hand)
 H - a ring of poison resistance (left hand)
 P - an uncursed ring of positive energy
Wands
 e - a wand of iceblast (10/15)
 g - a wand of lightning (4/15)
 y - a wand of flame (28/48)
 O - a wand of lightning (2/15)
 Q - a wand of flame (31/48)
 R - a wand of random effects (16/48)
 S - a wand of confusion (34/48)
 W - a wand of polymorph (9/24)
Scrolls
 o - 2 scrolls of fear
 s - 7 scrolls of teleportation
 x - 3 scrolls of amnesia {unknown}
 G - a scroll of enchant armour {unknown}
 I - 2 scrolls of enchant weapon {unknown}
 J - 2 scrolls of recharging {unknown}
 L - 5 scrolls of identify
 N - 2 scrolls of remove curse
 U - a scroll of fog
Potions
 f - 2 potions of invisibility
 h - a potion of resistance {unknown}
 i - 3 potions of cancellation
 l - 6 potions of curing
 n - 3 potions of heal wounds
 u - 2 potions of flight {unknown}
 A - a potion of lignification {unknown}
 D - 4 potions of might {unknown}
 E - 4 potions of haste
 F - 3 potions of brilliance {unknown}
Comestibles
 c - 5 bread rations
 j - 7 meat rations
 k - 13 royal jellies
 q - 7 fruits


   Skills:
 + Level 10.2 Fighting
 * Level 12.0 Axes
 * Level 9.4 Bows
 + Level 9.9 Armour
 + Level 9.1 Dodging


You had 10 spell levels left.
You didn't know any spells.

Dungeon Overview and Level Annotations

Branches:
Dungeon (10/15)            Temple (0/1) D:7            Lair (2/6) D:10
  Swamp: Lair:2-4    Shoals: Lair:2-4     Snake: Lair:2-4    Spider: Lair:2-4
    Orc: D:9-12

Altars:
Cheibriados
Elyvilon
Gozag
Hepliaklqana
Kikubaaqudgha
Ru
Sif Muna
Trog
Uskayaw
Vehumet
Wu Jian
Zin

Shops:
D:8 (!:


Innate Abilities, Weirdness & Mutations

You reflexively headbutt those who attack you in melee.
You have a pair of horns on your head.


Message History

The rime drake misses you.
The spiny frog stings you but does no damage.
The ice encasing you melts away. The rime drake bites you.
The spiny frog barely misses you.
The rime drake bites you but does no damage.
The spiny frog stings you!
* * * LOW HITPOINT WARNING * * *
You fade into invisibility!
The rime drake breathes ice at you. The flash freeze hits you!
* * * LOW HITPOINT WARNING * * *
You are encased in ice.
The spiny frog closely misses you.
You are very lightly contaminated with residual magic.
The rime drake completely misses you. You furiously retaliate!
You headbutt the rime drake!
The rime drake bites the fungus.
Your skin crawls.
You feel resistant to hostile enchantments.
You feel quite a bit more hungry. The spiny frog stings you!
You die...

##.( #. ##( ....###### ##[
....#.#..# ## ##k. ## .........#
#≈≈#≈.. .##.....<.......P# #≈...
.....#.#.........##############F.
.........# #.....Pk..........##..
........# #...@kDk.....#...##..
.......# #....F#.[.....#.[.÷..
.......## ##..###.........[÷..#
........## ##..## ##..........###
.........###...# #......#...#
..............## #P..#.......#
........#.##.## #...#.#..###.#
.........##..# #...##....####
..............# #....P#...##


You could see a spiny frog, 3 rime drakes and a steam dragon.

Vanquished Creatures
  Joseph (Lair:1)
  3 centaur zombies (D:10)
  2 spiny frogs
  5 rime drakes (Lair:2)
  A komodo dragon (Lair:2)
  A queen bee (D:8)
  6 hippogriffs
  2 wraiths
  2 vampires (D:9)
  8 steam dragons (Lair:2)
  5 yaks (Lair:1)
  The ghost of asdu the Insei, an amateur OpCK of Xom (D:3)
  2 water moccasins
  2 porcupines
  A hornet zombie (D:10)
  An eye of draining (D:9)
  3 orc warriors (D:10)
  2 ice beasts (D:6)
  2 black bears (D:6)
  A necrophage (D:8)
  2 phantoms
  3 sky beasts
  7 ogres
  5 centaurs
  2 crocodiles
  10 bullfrogs
  2 wyvern zombies
  A wyvern skeleton (D:9)
  3 scorpions
  A water moccasin skeleton (D:10)
  17 killer bees
  5 wights (D:10)
  7 howler monkeys
  7 crimson imps
  A jelly (D:10)
  2 bullfrog skeletons
  3 orc priests (D:10)
  2 hounds
  3 orc wizards
  4 iguanas
  4 worker ants
  A hound zombie (D:5)
  A hound skeleton (D:9)
  2 howler monkey zombies
  A mummy (Ossuary)
  Robin (D:3)
  A worker ant zombie (D:7)
  4 gnolls (D:6)
  9 adders
  6 shadow imps
  An ooze (D:3)
  4 worms
  A dart slug (D:3)
  6 leopard geckos
  12 orcs
  A ball python (D:3)
  12 bats
  4 giant cockroaches
  6 hobgoblins
  12 jackals
  4 quokkas
  10 frilled lizards
  8 gnoll skeletons (Ossuary)
  12 goblins
  2 jackal skeletons
  11 kobolds
  6 kobold skeletons (Ossuary)
  A leopard gecko zombie (D:8)
  11 orc skeletons (Ossuary)
  8 rats
  12 fungi
  7 plants (D:10)
319 creatures vanquished.

Vanquished Creatures (collateral kills)
  A steam dragon (Lair:2)
1 creature vanquished.

Vanquished Creatures (others)
  A bullfrog (D:10)
  3 fungi (D:10)
4 creatures vanquished.

Grand Total: 324 creatures vanquished

Notes
Turn   | Place    | Note
-------+----------+-------------------------------------------
     0 | D:1      | nikopol the Minotaur Berserker began the quest for the Orb.
     0 | D:1      | Reached XP level 1. HP: 19/19 MP: 0/0
   165 | D:1      | Reached XP level 2. HP: 25/27 MP: 1/1
   585 | D:1      | Reached ** piety under Trog
   691 | D:2      | Reached skill level 4 in Axes
   691 | D:2      | Reached XP level 3. HP: 22/33 MP: 2/2
  1133 | D:2      | Found a hazy altar of Hepliaklqana.
  1370 | D:2      | Found a hide-covered altar of Uskayaw.
  1988 | D:3      | Noticed asdu's ghost (amateur OpCK)
  1993 | D:3      | Killed asdu's ghost
  1993 | D:3      | Reached XP level 4. HP: 41/41 MP: 3/3
  1993 | D:3      | Reached XP level 5. HP: 47/47 MP: 4/4
  2092 | D:3      | Noticed Robin
  2098 | D:3      | Killed Robin
  2116 | D:3      | Reached skill level 5 in Fighting
  2356 | D:3      | Reached skill level 5 in Axes
  2414 | D:3      | Reached *** piety under Trog
  2781 | D:4      | Found a deep blue altar of Sif Muna.
  2944 | D:5      | Entered Level 5 of the Dungeon
  2962 | D:5      | Reached XP level 6. HP: 46/56 MP: 5/5
  3194 | D:5      | Found a sand-covered staircase.
  3205 | Ossuary  | Entered an ossuary
  3205 | Ossuary  | Noticed a wraith
  3205 | Ossuary  | Noticed a wraith
  3205 | Ossuary  | Noticed a wraith
  3308 | Ossuary  | Noticed a wraith
  3314 | Ossuary  | Killed a wraith
  3314 | Ossuary  | Reached skill level 5 in Armour
  3314 | Ossuary  | Reached XP level 7. HP: 62/62 MP: 6/6
  3747 | D:5      | Reached skill level 6 in Axes
  3777 | D:5      | Found an opulent altar of Gozag.
  4792 | D:6      | Found a bloodstained altar of Trog.
  4799 | D:6      | Reached skill level 5 in Dodging
  5013 | D:6      | Reached **** piety under Trog
  5013 | D:6      | Reached XP level 8. HP: 65/71 MP: 7/7
  5064 | D:6      | Reached skill level 7 in Axes
  5677 | D:7      | Found a staircase to the Ecumenical Temple.
  5708 | D:7      | Reached skill level 1 in Bows
  5974 | D:7      | You fall through a shaft!
  5974 | D:8      | Found Yhokh's Distillery.
  6004 | D:8      | Found Kixejuol's Weapon Shop.
  6560 | D:8      | Reached XP level 9. HP: 62/79 MP: 8/8
  6665 | D:8      | Found an ancient bone altar of Kikubaaqudgha.
  6668 | D:8      | Found a sacrificial altar of Ru.
  6668 | D:8      | Found an ornate altar of the Wu Jian Council.
  6668 | D:8      | Found a glowing silver altar of Zin.
  6710 | D:8      | Reached skill level 8 in Axes
  7328 | D:8      | Noticed a queen bee
  7343 | D:8      | Killed a queen bee
  7343 | D:8      | Reached skill level 5 in Bows
  7419 | D:8      | Reached skill level 9 in Axes
  7434 | D:8      | Found a snail-covered altar of Cheibriados.
  7443 | D:8      | Reached ***** piety under Trog
  7950 | D:8      | Found Rig Leza's Book Shop.
  8243 | D:9      | Reached XP level 10. HP: 89/90 MP: 9/9
  8272 | D:9      | Found a white marble altar of Elyvilon.
  8590 | D:9      | Received a gift from Trog
  8657 | D:9      | Found a radiant altar of Vehumet.
  9135 | D:9      | Reached skill level 10 in Axes
  9231 | D:10     | Entered Level 10 of the Dungeon
  9581 | D:10     | Found a staircase to the Lair.
 10550 | D:10     | Reached XP level 11. HP: 81/97 MP: 10/10
 10581 | D:10     | Reached skill level 11 in Axes
 11035 | Lair:1   | Entered Level 1 of the Lair of Beasts
 11109 | Lair:1   | Noticed Joseph
 11121 | Lair:1   | Killed Joseph
 11633 | Lair:1   | Received a gift from Trog
 11968 | Lair:2   | Reached skill level 10 in Fighting
 12242 | Lair:2   | Reached skill level 12 in Axes
 12266 | Lair:2   | Mangled by a spiny frog

Vault maps used:
D:1:      erik_arrival_blinker_ship
D:2:      lemuel_round_altar, marbit_many_paths
D:3:      first_bread, minmay_misc_feat_encased, uniq_robin
D:4:      lemuel_blue_sif_altar
D:5:      nicolae_gozag_seed_capital, nicolae_ossuary_entry_ruins
D:6:      trog_ov_bears_minmay, patterned_corridor
D:7:      minmay_temple_entry_junction
D:8:      grunt_temple_overflow_open, serial_shops, shop, shop_statue,
          shop_coins, david_nohive_1
D:9:      chequers_temple_overflow_statue_of_worship, bh_walls_and_bars
D:10:     grunt_lair_entry_orc_guard_hut, lemuel_flamethrower_2
Lair:1:   beast_lair_carwin_5, uniq_joseph
Lair:2:   swamp_mist_pool, guppyfry_snake_entry_garden, bobbens_dragon_lair_wall
Ossuary:  ossuary_due_mausoleum

Skill      XL: |  1  2  3  4  5  6  7  8  9 10 11 |
---------------+----------------------------------+-----
Fighting       | 4 5 6 7 8 9 10 | 10.2
Armour         | 3 4 5 6 7 8 9 |  9.9
Axes           | 4 5 6 7 9 10 12 | 12.0
Dodging        | 3 4 5 6 7 8 9 |  9.1
Bows           | 2 6 8 9 |  9.4

Action                   |  1- 3 |  4- 6 |  7- 9 | 10-12 || total
-------------------------+-------+-------+-------+-------++-------
Melee: Hand axe          |   105 |    42 |       |       ||   147
       Headbutt          |    15 |    16 |    40 |    45 ||   116
       War axe           |       |    40 |   212 |    24 ||   276
       Battleaxe         |       |       |       |   197 ||   197
 Fire: Shortbow          |       |       |   183 |   200 ||   383
Invok: Berserk           |     1 |     1 |     1 |     1 ||     4
       Burn Spellbooks   |       |       |     1 |       ||     1
       Trog's Hand       |       |       |       |     2 ||     2
       Brothers in Arms  |       |       |       |     1 ||     1
  Use: Scroll            |       |    12 |     1 |     1 ||    14
       Potion            |       |       |       |     1 ||     1
  Eat: Chunk             |     3 |     5 |    18 |    15 ||    41
Armor: Animal skin       |    39 |     2 |       |       ||    41
       Scale mail        |       |    21 |   115 |    95 ||   231
       Steam dragon scal |       |       |       |     2 ||     2
Dodge: Dodged            |    83 |    46 |   218 |   177 ||   524
Block: Other             |       |       |       |     1 ||     1
